 Dungeon Crawl Stone Soup version 0.19-a0-1786-g230130f (webtiles) character file.

50 Amnesiac the Shooter (level 3, 0/24 HPs)
             Began as a High Elf Hunter on Oct 3, 2016.
             Slain by a worker ant (4 damage)
             ... on level 4 of the Dungeon.
             The game lasted 00:01:30 (887 turns).

Amnesiac the Shooter (High Elf Hunter)               Turns: 887, Time: 00:01:30

Health: 0/24       AC:  3    Str: 11    XL:     3   Next: 55%
Magic:  4/4        EV: 10    Int: 15    God:
Gold:   127        SH:  0    Dex: 16    Spells: 0 memorised, 2 levels left

rFire  . . .     SeeInvis .     a - +1 shortbow
rCold  . . .     Gourm    .     c - +0 leather armour
rNeg   . . .     Faith    .     (shield currently unavailable)
rPois  .         Spirit   .     (no helmet)
rElec  .         Dismiss  .     (no cloak)
rCorr  .         Reflect  .     (no gloves)
MR     .....     Harm     .     (no boots)
Stlth  ++........               i - amulet of magic regeneration (curse)
                                (no ring)
                                m - -2 ring of evasion (curse)

@: lethally poisoned (0 -> -11)
A: no striking features
a: no special abilities


You were on level 4 of the Dungeon.
You were not hungry.

You visited 1 branch of the dungeon, and saw 4 of its levels.

You collected 127 gold pieces.

Inventory:

Hand Weapons
 a - a +1 shortbow (weapon)
 b - a +0 short sword
Missiles
 d - 59 arrows (quivered)
Armour
 c - a +0 leather armour (worn)
Jewellery
 i - a cursed amulet of magic regeneration (around neck)
 m - a cursed -2 ring of evasion (left hand)
Scrolls
 e - a scroll of teleportation {unknown}
 g - 2 scrolls of immolation {unknown}
 j - a scroll of remove curse {unknown}
 k - a scroll of fear {unknown}
 l - a scroll of enchant armour {unknown}
 n - a scroll of identify {unknown}
Potions
 o - a potion of lignification {unknown}
 p - a potion of curing {unknown}
Comestibles
 f - 3 bread rations
 h - 3 meat rations


   Skills:
 - Level 2.0 Fighting
 + Level 7.0 Bows
 - Level 2.1 Dodging
 - Level 1.1 Stealth


You had 2 spell levels left.
You didn't know any spells.

Dungeon Overview and Level Annotations

Branches:
Dungeon (4/15)
 Temple: D:4-7

Altars:
Ashenzari
Cheibriados
Hepliaklqana
Makhleb
Yredelemnul


Message History

You are too injured to fight recklessly!
You are too injured to fight recklessly!
You are too injured to fight recklessly!
Unknown command.
Firing (i - inventory):
d - 61 arrows (quivered)
Press: ? - help, Shift-Dir - straight line, f/p - worker ant
Aim: a worker ant (severely wounded)
You shoot an arrow. The arrow hits the worker ant.
The worker ant is almost dead.
* * * LOW HITPOINT WARNING * * *
You feel sick. The worker ant closely misses you.
Firing (i - inventory):
d - 60 arrows (quivered)
Press: ? - help, Shift-Dir - straight line, f/p - worker ant
Aim: a worker ant (almost dead)
You shoot an arrow.
The arrow hits the worker ant but does no damage.
The worker ant is almost dead.
* * * LOW HITPOINT WARNING * * *
You feel sick. The worker ant bites you.
You die...

#........#######
#..####........#
#..####..#####.##
#..#............#
#..#.##..##.....#
#........#......###
#.##.##.###........
#..............####
###@..######.###
#a..# #.# ......#
##'##
..(....###...##
#..(..[.##.....## #
##....###.......##
#
..(..##.....)...###
..(...+.........+..
#.........###


You could see a worker ant.

Vanquished Creatures
  2 adders (D:3)
  An ooze (D:3)
  A worm (D:2)
  2 dart slugs
  2 giant cockroaches
  4 hobgoblins
  A quokka (D:2)
  3 bats
  3 frilled lizards
  2 kobolds
  A leopard gecko skeleton (D:4)
  A rat (D:3)
23 creatures vanquished.

Notes
Turn   | Place    | Note
-------+----------+-------------------------------------------
     0 | D:1      | Amnesiac the High Elf Hunter began the quest for the Orb.
     0 | D:1      | Reached XP level 1. HP: 14/14 MP: 2/2
   271 | D:2      | Reached XP level 2. HP: 10/19 MP: 3/3
   274 | D:2      | Reached skill level 6 in Bows
   427 | D:3      | Reached XP level 3. HP: 23/24 MP: 4/4
   494 | D:3      | Found a basalt altar of Yredelemnul.
   500 | D:3      | Found a snail-covered altar of Cheibriados.
   501 | D:3      | Found a burning altar of Makhleb.
   501 | D:3      | Found a hazy altar of Hepliaklqana.
   516 | D:3      | Reached skill level 7 in Bows
   523 | D:3      | Found a shattered altar of Ashenzari.
   887 | D:4      | Slain by a worker ant

Vault maps used:
D:1:      eino_arrival_tree_alley, minivault_26
D:2:      kb_forest_paths
D:3:      grunt_temple_overflow_open
D:4:      first_bread

Skill      XL: |  1  2  3 |
---------------+----------+-----
Bows           | 6 7 |  7.0
Fighting       | |  2.0
Dodging        | |  2.1
Stealth        | |  1.1

Action                   || total
-------------------------++-------
 Fire: Shortbow          ||    81
Armor: Leather armour    ||    11
Dodge: Dodged            ||    12
